 Dungeon Crawl Stone Soup version 0.26.1-11-gd32895ea62 (webtiles) character file.

Game seed: 8274857068424340319

88 nightchill the Sneak (level 4, 0/25 HPs)
             Began as a Kobold Enchanter on July 23, 2021.
             Slain by an adder skeleton (3 damage)
             ... on level 4 of the Dungeon.
             The game lasted 00:04:03 (2611 turns).

nightchill the Sneak (Kobold Enchanter)             Turns: 2611, Time: 00:04:04

Health: 0/25       AC:  4    Str:  5 (6)  XL:     4   Next: 82%
Magic:  5/7        EV: 15    Int: 14 (16) God:
Gold:   151        SH:  0    Dex: 13 (15) Spells: 1/7 levels left

rFire    . . .     SeeInvis .   i - +1 dagger (holy)
rCold    . . .     Faith    .   (shield restricted)
rNeg     . . .     Spirit   .   b - +0 robe
rPois    .         Reflect  .   (no helmet)
rElec    .         Harm     .   (no cloak)
rCorr    .         Rampage  .   d - +0 pair of gloves
Will     .....                  e - +0 pair of boots
Stlth    ++........             (no amulet)
HPRegen  0.08/turn              (no ring)
MPRegen  0.10/turn              (no ring)

@: lethally poisoned (0 -> -13), glowing
A: small, nightstalker 3
a: no special abilities


You were on level 4 of the Dungeon.
You visited 1 branch of the dungeon, and saw 3 of its levels.

You collected 151 gold pieces.

Inventory:

Hand Weapons
 a - a +1 dagger
 i - a +1 dagger of holy wrath (weapon)
 l - a +0 hunting sling
Missiles
 c - 54 stones
Armour
 b - a +0 robe (worn)
 d - a +0 pair of gloves (worn)
 e - a +0 pair of boots (worn)
Scrolls
 f - a scroll of random uselessness {unknown}
 g - 4 scrolls of blinking {unknown}
 j - 2 scrolls of remove curse {unknown}
 k - 2 scrolls of identify {unknown}
 m - 2 scrolls of enchant weapon {unknown}
Potions
 h - a potion of flight {unknown}
 n - a potion of degeneration
 o - a potion of curing {unknown}


   Skills:
 + Level 1.4 Fighting
 * Level 3.4 Short Blades
 - Level 2.4 Dodging
 + Level 4.6 Stealth
 - Level 2.1 Spellcasting
 * Level 3.8 Hexes


You had one spell level left.
You knew the following spells:

 Your Spells              Type           Power        Failure   Level
a - Corona                Hex            13%          4%          1
b - Ensorcelled Hibernat  Hex/Ice        12%          16%         2
c - Confusing Touch       Hex            12%          14%         3

Your spell library contained the following spells:

 Spells                   Type           Power        Failure   Level
 Tukima's Dance           Hex            12%          14%         3
 Dazzling Flash           Conj/Hex       12%          32%         3


Dungeon Overview and Level Annotations

Branches:
Dungeon (2/15)

Altars:
Gozag
Xom

Annotations:
D:4 Dowan, Duvessa


Innate Abilities, Weirdness & Mutations

You are small and have problems with some larger weapons.
You are completely attuned to the shadows.


Message History

You feel sick.
The adder skeleton bites you but does no damage.
Dowan misses you. The adder skeleton barely misses you.
You barely miss Dowan. Dowan hits you but does no damage.
You are more poisoned.
The adder skeleton barely misses you.
You closely miss Dowan.
* * * LOW HITPOINT WARNING * * *
You feel sick.
Duvessa mumbles something.
You closely miss Dowan.
* * * LOW HITPOINT WARNING * * *
You feel sick. The adder skeleton barely misses you.
Dowan casts a spell at you. The puff of flame misses you.
You hit Dowan.
Dowan is lightly wounded.
* * * LOW HITPOINT WARNING * * *
You feel sick.
Duvessa seems less confused.
The adder skeleton bites you.
You die...

#...#
#...#
#[..#....
#...#....
#...#....
#...#....
#........
#.....^^^
#..@#.^_^
#.eZ...^^
#..e.....
#........
#.$.....
#.......
#...###
#...#
#....


You could see Duvessa, Dowan and an adder skeleton.

Vanquished Creatures
  3 adders
  2 oozes
  A worm (D:2)
  3 dart slugs
  2 giant cockroaches (D:1)
  4 hobgoblins
  2 jackals (D:1)
  4 kobolds
  A quokka (D:2)
  2 ball pythons
  5 bats
  2 frilled lizards (D:1)
  9 goblins
  5 rats
45 creatures vanquished.

Notes
Turn   | Place    | Note
-------+----------+-------------------------------------------
     0 | D:1      | nightchill the Kobold Enchanter began the quest for the
                  | Orb.
     0 | D:1      | Reached XP level 1. HP: 10/10 MP: 3/3
   134 | D:1      | Reached XP level 2. HP: 15/15 MP: 5/5
   225 | D:1      | Learned a level 2 spell: Ensorcelled Hibernation
   523 | D:1      | Reached XP level 3. HP: 20/20 MP: 6/6
   555 | D:1      | Reached skill level 1 in Fighting
  1406 | D:1      | Reached XP level 4. HP: 19/25 MP: 2/7
  1553 | D:2      | Found an opulent altar of Gozag.
  2577 | D:2      | You fall into a shaft and drop 2 floors!
  2581 | D:4      | Found a shimmering altar of Xom.
  2588 | D:4      | Noticed Duvessa
  2596 | D:4      | Learned a level 3 spell: Confusing Touch
  2596 | D:4      | Noticed Dowan
  2611 | D:4      | Slain by an adder skeleton

Illustrated notes

Levels and vault maps discovered:
D:1:      ebering_trefoil_twist, layout_loops_corners, grunt_decor_one_mirror
D:2:      layout_basic, lemuel_blue_sif_altar, nicolae_gozag_seed_capital,
          hex_large
D:4:      layout_gridville, xom_teletrap_fun, uniq_duvessa

Skill      XL: |  1  2  3 |
---------------+----------+-----
Short Blades   | 2 3 |  3.4
Fighting       | 1 |  1.4
Dodging        | |  2.4
Stealth        | |  4.6
Spellcasting   | |  2.1
Hexes          | |  3.8

Action                   |  1- 3 |  4- 6 || total
-------------------------+-------+-------++-------
Melee: Dagger            |    92 |    66 ||   158
 Cast: Ensorcelled Hiber |     4 |     4 ||     8
       Confusing Touch   |       |     1 ||     1
  Use: Potion            |     1 |     1 ||     2
 Stab: Sleeping          |    20 |     7 ||    27
Armor: Robe              |    20 |    12 ||    32
Dodge: Dodged            |    56 |    44 ||   100
